 Dungeon Crawl Stone Soup version 0.31-a0-174-g85c54bcb58 (webtiles) character file.

Game seed: 8879747282891532963

27540 qw the Marksnaga (level 13, -1/123 HPs)
             Began as a Naga Hunter on June 15, 2023.
             Was an Elder of Okawaru.
             Slain by an elephant (4 damage)
             ... on level 5 of the Lair of Beasts.
             The game lasted 00:07:27 (15361 turns).

qw the Marksnaga (Naga Hunter)                     Turns: 15361, Time: 00:07:27

Health: -1/123     AC: 18    Str: 13    XL:     13   Next: 33%
Magic:  18/18      EV: 22    Int: 10    God:    Okawaru [****..]
Gold:   753        SH:  0    Dex: 20    Spells: 12/12 levels left

rFire   . . .        Y - -2 longbow (elec)
rCold   . . .        (shield currently unavailable)
rNeg    . . .        l - +3 steam dragon scales
rPois   +            f - +0 helmet
rElec   .            (no cloak)
rCorr   .            d - +0 pair of gloves
SInv    +            (no barding)
Will    +....        n - amulet of faith
Stlth   ++++         j - +5 ring of evasion
HPRegen 0.40/turn    h - +4 ring of protection
MPRegen 0.16/turn

%: faith
@: about to teleport, heroic, very slow
A: AC +4, large, see invisible, deformed body, poison resistance, slowness 2,
spit poison 1, naga tail 2
a: Spit Poison, Renounce Religion, Heroism, Finesse


You were on level 5 of the Lair of Beasts.
You worshipped Okawaru.
Okawaru was greatly pleased with you.
You visited 3 branches of the dungeon, and saw 16 of its levels.

You collected 929 gold pieces.
You spent 176 gold pieces at shops.


Innate Abilities, Weirdness & Mutations

Your serpentine skin is tough. (AC +4)
You have supernaturally acute eyesight. (SInv)
Armour fits poorly on your strangely shaped body.
Your system is resistant to poisons. (rPois)
You cover ground very slowly.
You can spit poison.
You can use your snake-like lower body to constrict enemies.


   Skills:
 - Level 10.0(15.0) Fighting
 + Level 15.7(20.7) Ranged Weapons
 - Level 4.1(9.1) Armour
 - Level 6.0(11.0) Dodging
 - Level 1.5(6.5) Stealth
 + Level 7.6 Invocations


You had 12 spell levels left.
You didn't know any spells.
Your spell library was empty.

Inventory:

Hand Weapons
 Y - a -2 longbow of electrocution (weapon)
Armour
 d - a +0 pair of gloves (worn)
 f - a +0 helmet (worn)
 l - +3 steam dragon scales (worn)
 p - the +3 hat of Pondering {ponderous, Will+ MP+10 Int+5}
   (You took it off Gastronok on level 2 of the Lair of Beasts)

   Int:       It affects your intelligence (+5).
   MP:        It affects your magic capacity (+10).
   Will:      It increases your willpower.
 q - a +2 robe of fire resistance
Jewellery
 b - an amulet of reflection
 h - a +4 ring of protection (right hand)
 j - a +5 ring of evasion (left hand)
 n - an amulet of faith (around neck)
Scrolls
 i - 7 scrolls of identify
 k - 5 scrolls of teleportation
Potions
 c - 2 potions of mutation
 e - 3 potions of haste
 g - a potion of might
 m - a potion of resistance
 o - a potion of curing

Dungeon Overview and Level Annotations

Branches:
Dungeon (10/15)            Temple (1/1) D:4            Lair (5/5) D:8
 Shoals (0/4) Lair:3        Snake (0/4) Lair:2        Slime (0/5) Lair:4
    Orc: D:9-12

Altars:
Ashenzari
Cheibriados
Dithmenos
Elyvilon
Fedhas
Gozag
Hepliaklqana
Kikubaaqudgha
Makhleb
Nemelex Xobeh
Okawaru
Qazlal
Ru
Sif Muna
Trog
Uskayaw
Vehumet
Wu Jian
Xom
Yredelemnul
Zin
The Shining One
Ignis
Jiyva

Shops:
D:6 *   D:8 ?

Annotations:
D:5 1 runed translucent door, qw's ghost, amateur GrFi
D:6 exclusion: 2 electric eels
D:8 2 transporters
D:9 1 runed translucent door
Lair:5 Sonja


Message History

Okawaru accepts your kill.
You hear a trumpeting!
You shoot an arrow. The arrow hits the elephant.
The elephant is lightly wounded.
You shoot an arrow. The arrow hits the elephant.
Lightning courses through the elephant!
The elephant is moderately wounded.
The elephant tramples you but does no damage.
The elephant trunk-slaps you. The elephant completely misses you.
The elephant closely misses you.
You shoot an arrow. The arrow barely misses the elephant.
You shoot an arrow. The arrow hits the elephant!!
The elephant is heavily wounded.
The elephant misses you. The elephant closely misses you. x2
The elephant trunk-slaps you but does no damage.
You shoot an arrow. The arrow hits the elephant!
The elephant is severely wounded.
The elephant splashes around in the water. x2
The komodo dragon bites you!! The elephant completely misses you.
The elephant closely misses you.
An elephant comes into view.
The water moccasin bites you but does no damage.
15360 ||| READING 6 scrolls of teleportation.
As you read the scroll of teleportation, it crumbles to dust.
You feel strangely unstable.
The elephant tramples you but does no damage.
The elephant trunk-slaps you but does no damage.
The water moccasin bites you but does no damage.
The komodo dragon misses you. The elephant completely misses you.
The elephant trunk-slaps you but does no damage.
You shoot an arrow. The arrow hits the elephant!!
Lightning courses through the elephant!
You kill the elephant!
Okawaru accepts your kill. The water moccasin closely misses you.
The komodo dragon bites you but does no damage.
The elephant tramples you!
You hold your ground!
The elephant splashes around in the water.
The elephant tramples you.
You die...

.. ..
...~....### ..
~~~~~~....## ..
~~~~~~~~...# #.
~~~~~~~~~.P####
~~~~~~~~.......
~~...~~~.......
~~~.~~l~%......
~~~~~~Y@.......
~~~~~~YYS......
~~~~~~~Y....P#.
.~.~~..~.......
...............
......#........
......#Y.......
...............


You could see 5 elephants, a komodo dragon and a water moccasin.

Vanquished Creatures
  Gastronok (Lair:2)
  Fannar (Lair:2)
  A hydra (Lair:4)
  2 two-headed ogres
  A cyclops (D:8)
  2 oklob plants
  5 elephants
  3 black mambas
  9 cane toads
  Maggie (D:7)
  6 komodo dragons
  2 rime drakes
  A polar bear (Lair:4)
  16 blink frogs
  A snapping turtle (Lair:3)
  A shadow (D:10)
  A vampire (D:7)
  A wraith (D:10)
  5 wyverns
  A basilisk (Lair:1)
  25 yaks
  A steam dragon (Lair:3)
  4 vampire mosquitoes (D:10)
  19 water moccasins
  2 black bears
  An orc warrior (D:8)
  An ice beast (D:6)
  8 wolves
  An ogre (D:6)
  A phantom (D:6)
  5 centaurs
  17 bullfrogs
  A gnoll sergeant (D:5)
  3 scorpions
  4 wights
  12 killer bees
  4 electric eels
  6 hounds
  2 jellies
  2 orc priests
  2 gnoll boudas
  A sleepcap (D:6)
  Natasha (D:2)
  5 iguanas
  6 orc wizards
  14 gnolls
  7 adders
  A white imp (D:5)
  An ufetubus (D:5)
  2 dart slugs
  26 orcs
  8 ball pythons
  5 bats
  5 endoplasms
  3 giant cockroaches
  10 goblins
  9 hobgoblins
  4 jackals (D:5)
  5 quokkas
  5 frilled lizards
  7 kobolds
  6 rats
313 creatures vanquished.

Vanquished Creatures (others)
  A kobold brigand (D:10)
1 creature vanquished.

Grand Total: 314 creatures vanquished

Notes
Turn   | Place    | Note
-------+----------+-------------------------------------------
     0 | D:1      | qw the Naga Hunter began the quest for the Orb.
     0 | D:1      | Reached XP level 1. HP: 19/19 MP: 1/1
     0 | D:1      | 0 ||| qw: Version: 0.2-a-29-g511e9b1
     0 | D:1      | 0 ||| qw: Game counter: 5384
     0 | D:1      | 0 ||| qw: Always use a shield: true
     0 | D:1      | 0 ||| qw: God list: Okawaru
     0 | D:1      | 0 ||| qw: Allow faded altars: false
     0 | D:1      | 0 ||| qw: Do Orc after D:15 true
     0 | D:1      | 0 ||| qw: Do second Lair branch before Depths: true
     0 | D:1      | 0 ||| qw: Lair rune preference: random
     0 | D:1      | 0 ||| qw: Plans: Normal
     0 | D:1      | 0 ||| PLANNING D:1-11
    18 | D:1      | 18 ||| INVOKING Spit Poison.
    23 | D:1      | 23 ||| INVOKING Spit Poison.
    49 | D:1      | 49 ||| INVOKING Spit Poison.
    80 | D:1      | 80 ||| INVOKING Spit Poison.
    85 | D:1      | Reached skill level 4 in Ranged Weapons
    85 | D:1      | Reached XP level 2. HP: 25/26 MP: 2/2
   101 | D:1      | 101 ||| INVOKING Spit Poison.
   108 | D:1      | 108 ||| INVOKING Spit Poison.
   196 | D:1      | 196 ||| INVOKING Spit Poison.
   214 | D:1      | 214 ||| INVOKING Spit Poison.
   226 | D:1      | 226 ||| INVOKING Spit Poison.
   249 | D:1      | 249 ||| INVOKING Spit Poison.
   296 | D:1      | 296 ||| INVOKING Spit Poison.
   301 | D:1      | 301 ||| INVOKING Spit Poison.
   372 | D:1      | Reached XP level 3. HP: 32/32 MP: 3/3
   412 | D:1      | 412 ||| INVOKING Spit Poison.
   433 | D:1      | 433 ||| INVOKING Spit Poison.
   552 | D:1      | 552 ||| INVOKING Spit Poison.
   558 | D:1      | 558 ||| INVOKING Spit Poison.
   611 | D:1      | 611 ||| INVOKING Spit Poison.
   651 | D:1      | 651 ||| INVOKING Spit Poison.
   678 | D:1      | 678 ||| INVOKING Spit Poison.
   682 | D:1      | 682 ||| INVOKING Spit Poison.
   911 | D:1      | 911 ||| INVOKING Spit Poison.
   944 | D:1      | 944 ||| UPGRADING to +0 helmet.
   949 | D:1      | 949 ||| READING scroll labelled VOOWOIMOEH.
   954 | D:1      | 954 ||| READING scroll labelled UMUAKUJETEUMO.
   955 | D:1      | 955 ||| DROPPING scroll of butterflies.
   958 | D:2      | 958 ||| INVOKING Spit Poison.
   961 | D:2      | 961 ||| STAIRDANCE
   963 | D:1      | 963 ||| INVOKING Spit Poison.
   968 | D:1      | 968 ||| INVOKING Spit Poison.
   970 | D:1      | HP: 6/32 [adder (3)]
   971 | D:1      | HP: 2/32 [adder (1)]
   972 | D:1      | 972 ||| INVOKING Spit Poison.
  1115 | D:2      | 1115 ||| INVOKING Spit Poison.
  1193 | D:2      | 1193 ||| INVOKING Spit Poison.
  1194 | D:2      | Reached skill level 5 in Ranged Weapons
  1194 | D:2      | Reached XP level 4. HP: 39/39 MP: 4/4
  1206 | D:2      | Identified the +1 dagger of Defiance {freeze, rPois}
  1401 | D:2      | 1401 ||| INVOKING Spit Poison.
  1447 | D:2      | 1447 ||| INVOKING Spit Poison.
  1473 | D:2      | Found a broken altar of Ashenzari.
  1477 | D:2      | Noticed Natasha
  1478 | D:2      | 1478 ||| INVOKING Spit Poison.
  1481 | D:2      | Killed Natasha
  1568 | D:2      | 1568 ||| INVOKING Spit Poison.
  1625 | D:2      | 1625 ||| INVOKING Spit Poison.
  1787 | D:2      | 1787 ||| UPGRADING to +0 pair of gloves.
  1792 | D:2      | 1792 ||| READING scroll labelled TOMEDU SEOL.
  1793 | D:2      | 1793 ||| READING 2 scrolls labelled OQIDALOI VAOK.
  1794 | D:2      | 1794 ||| READING scroll of enchant weapon.
  1794 | D:2      | 1794 ||| ENCHANTING +1 shortbow.
  1915 | D:3      | 1915 ||| INVOKING Spit Poison.
  1942 | D:3      | 1942 ||| INVOKING Spit Poison.
  2042 | D:3      | Found a faded altar of an unknown god.
  2047 | D:3      | Found a stormy altar of Qazlal.
  2069 | D:3      | 2069 ||| INVOKING Spit Poison.
  2217 | D:3      | 2217 ||| UPGRADING to amulet of reflection.
  2222 | D:3      | 2222 ||| READING 3 scrolls labelled WINIUDW BEGI.
  2323 | D:3      | 2323 ||| READING scroll labelled GON RUSAOSTORCH.
  2324 | D:3      | 2324 ||| DROPPING 2 scrolls of silence.
  2347 | D:4      | 2347 ||| STAIRDANCE
  2351 | D:4      | 2351 ||| STAIRDANCE
  2355 | D:4      | 2355 ||| STAIRDANCE
  2359 | D:4      | 2359 ||| STAIRDANCE
  2363 | D:4      | 2363 ||| STAIRDANCE
  2367 | D:4      | 2367 ||| STAIRDANCE
  2371 | D:4      | 2371 ||| STAIRDANCE
  2375 | D:4      | 2375 ||| STAIRDANCE
  2379 | D:4      | 2379 ||| STAIRDANCE
  2383 | D:4      | 2383 ||| STAIRDANCE
  2387 | D:4      | 2387 ||| STAIRDANCE
  2391 | D:4      | 2391 ||| STAIRDANCE
  2395 | D:4      | 2395 ||| STAIRDANCE
  2399 | D:4      | 2399 ||| STAIRDANCE
  2403 | D:4      | 2403 ||| STAIRDANCE
  2407 | D:4      | 2407 ||| STAIRDANCE
  2411 | D:4      | 2411 ||| STAIRDANCE
  2415 | D:4      | 2415 ||| STAIRDANCE
  2419 | D:4      | 2419 ||| STAIRDANCE
  2423 | D:4      | 2423 ||| STAIRDANCE
  2553 | D:4      | 2553 ||| INVOKING Spit Poison.
  2554 | D:4      | Reached skill level 3 in Fighting
  2557 | D:4      | 2557 ||| INVOKING Spit Poison.
  2560 | D:4      | 2560 ||| INVOKING Spit Poison.
  2586 | D:4      | 2586 ||| INVOKING Spit Poison.
  2590 | D:4      | Reached XP level 5. HP: 49/49 MP: 5/5
  2632 | D:4      | 2632 ||| INVOKING Spit Poison.
  2639 | D:4      | Found a shadowy altar of Dithmenos.
  2655 | D:4      | 2655 ||| INVOKING Spit Poison.
  2658 | D:4      | 2658 ||| INVOKING Spit Poison.
  2661 | D:4      | 2661 ||| INVOKING Spit Poison.
  2745 | D:4      | 2745 ||| INVOKING Spit Poison.
  2770 | D:4      | 2770 ||| INVOKING Spit Poison.
  2776 | D:4      | 2776 ||| INVOKING Spit Poison.
  2779 | D:4      | 2779 ||| INVOKING Spit Poison.
  2841 | D:4      | 2841 ||| INVOKING Spit Poison.
  2883 | D:4      | Found a staircase to the Ecumenical Temple.
  2884 | D:4      | 2884 ||| PLANNING TEMPLE
  2884 | D:4      | 2884 ||| INVOKING Spit Poison.
  2887 | D:4      | 2887 ||| READING scroll labelled NYMUYSIUFI.
  2973 | Temple   | Entered the Ecumenical Temple
  3029 | Temple   | 3029 ||| PLANNING D:1-11
  3085 | D:3      | 3085 ||| Stepping randomly (stuck).
  3107 | D:4      | 3107 ||| INVOKING Spit Poison.
  3125 | D:4      | Noticed a black bear
  3128 | D:4      | 3128 ||| INVOKING Spit Poison.
  3132 | D:4      | Killed a black bear
  3133 | D:4      | Reached skill level 6 in Ranged Weapons
  3133 | D:4      | Reached XP level 6. HP: 56/56 MP: 6/6
  3133 | D:4      | 3133 ||| INVOKING Spit Poison.
  3345 | D:4      | You fall into a shaft and drop 1 floor!
  3345 | D:5      | Entered Level 5 of the Dungeon
  3346 | D:5      | 3346 ||| UPGRADING to ring of willpower.
  3347 | D:5      | 3347 ||| UPGRADING to +4 ring of protection.
  3348 | D:5      | 3348 ||| READING scroll labelled ZUQEZXO AHAYF.
  3411 | D:4      | 3411 ||| INVOKING Spit Poison.
  3449 | D:4      | 3449 ||| INVOKING Spit Poison.
  4064 | D:4      | 4064 ||| Stepping randomly (stuck).
  4156 | D:5      | 4156 ||| INVOKING Spit Poison.
  4177 | D:5      | 4177 ||| INVOKING Spit Poison.
  4198 | D:5      | 4198 ||| INVOKING Spit Poison.
  4280 | D:5      | 4280 ||| INVOKING Spit Poison.
  4281 | D:5      | Reached XP level 7. HP: 64/64 MP: 7/7
  4282 | D:5      | 4282 ||| Stepping ~*~*~tactically~*~*~ (outnumbered).
  4286 | D:5      | 4286 ||| INVOKING Spit Poison.
  4293 | D:5      | 4293 ||| INVOKING Spit Poison.
  4357 | D:5      | 4357 ||| INVOKING Spit Poison.
  4360 | D:5      | Reached skill level 7 in Ranged Weapons
  4373 | D:5      | Found a runed translucent door.
  4373 | D:5      | Noticed a wraith
  4375 | D:5      | Noticed qw's ghost (amateur GrFi)
  4397 | D:5      | 4397 ||| INVOKING Spit Poison.
  4413 | D:5      | 4413 ||| INVOKING Spit Poison.
  4419 | D:5      | 4419 ||| INVOKING Spit Poison.
  4481 | D:5      | Reached skill level 1 in Armour
  4482 | D:5      | 4482 ||| INVOKING Spit Poison.
  4485 | D:5      | 4485 ||| INVOKING Spit Poison.
  4488 | D:5      | 4488 ||| INVOKING Spit Poison.
  4494 | D:5      | 4494 ||| INVOKING Spit Poison.
  4500 | D:5      | 4500 ||| INVOKING Spit Poison.
  4505 | D:5      | 4505 ||| INVOKING Spit Poison.
  4731 | D:5      | Found a blossoming altar of Fedhas.
  4750 | D:5      | Noticed an oklob plant
  4751 | D:5      | 4751 ||| DROPPING scarf of harm.
  4752 | D:5      | 4752 ||| READING scroll labelled ASEZEESK MENE.
  4753 | D:5      | 4753 ||| READING scroll labelled SUGENE NABUH.
  4754 | D:5      | 4754 ||| READING 4 scrolls of identify.
  4754 | D:5      | 4754 ||| IDENTIFYING bubbling purple potion
  4755 | D:5      | 4755 ||| READING 3 scrolls of identify.
  4755 | D:5      | 4755 ||| IDENTIFYING grey potion
  4756 | D:5      | 4756 ||| READING 2 scrolls of identify.
  4756 | D:5      | 4756 ||| IDENTIFYING golden potion
  4758 | D:5      | 4758 ||| DROPPING potion of ambrosia.
  4759 | D:5      | 4759 ||| DROPPING potion of attraction.
  4782 | D:5      | Killed an oklob plant
  4783 | D:5      | Reached skill level 8 in Ranged Weapons
  4783 | D:5      | Reached XP level 8. HP: 72/72 MP: 8/8
  4821 | D:5      | Found an ornate altar of the Wu Jian Council.
  4931 | D:5      | 4931 ||| READING 2 scrolls of identify.
  4931 | D:5      | 4931 ||| IDENTIFYING bubbling sapphire potion
  4932 | D:5      | 4932 ||| DROPPING potion of lignification.
  5059 | D:6      | 5059 ||| FLEEEEING.
  5060 | D:6      | 5060 ||| INVOKING Spit Poison.
  5063 | D:6      | HP: 14/72 [ogre/+0 giant club (19)]
  5064 | D:6      | 5064 ||| READING 2 scrolls of teleportation.
  5065 | D:6      | 5065 ||| INVOKING Spit Poison.
  5249 | D:6      | 5249 ||| INVOKING Spit Poison.
  5277 | D:6      | 5277 ||| INVOKING Spit Poison.
  5281 | D:6      | 5281 ||| Stepping ~*~*~tactically~*~*~ (outnumbered).
  5283 | D:6      | 5283 ||| INVOKING Spit Poison.
  5459 | D:6      | 5459 ||| INVOKING Spit Poison.
  5463 | D:6      | Reached skill level 9 in Ranged Weapons
  5517 | D:6      | 5517 ||| INVOKING Spit Poison.
  5520 | D:6      | 5520 ||| FLEEEEING.
  5521 | D:6      | 5521 ||| UPGRADING to +5 ring of evasion.
  5693 | D:6      | Found a glowing golden altar of the Shining One.
  5935 | D:6      | 5935 ||| INVOKING Spit Poison.
  5984 | D:6      | 5984 ||| INVOKING Spit Poison.
  5988 | D:6      | 5988 ||| INVOKING Spit Poison.
  5989 | D:6      | Reached skill level 6 in Fighting
  6054 | D:6      | 6054 ||| INVOKING Spit Poison.
  6058 | D:6      | Reached XP level 9. HP: 82/82 MP: 9/9
  6061 | D:6      | Reached skill level 3 in Dodging
  6068 | D:6      | 6068 ||| INVOKING Spit Poison.
  6071 | D:6      | 6071 ||| INVOKING Spit Poison.
  6076 | D:6      | 6076 ||| INVOKING Spit Poison.
  6080 | D:6      | 6080 ||| INVOKING Spit Poison.
  6084 | D:6      | 6084 ||| INVOKING Spit Poison.
  6102 | D:6      | 6102 ||| UPGRADING to +0 orcbow.
  6103 | D:6      | 6103 ||| DROPPING +2 shortbow of draining.
  6120 | D:6      | 6120 ||| INVOKING Spit Poison.
  6125 | D:6      | 6125 ||| INVOKING Spit Poison.
  6131 | D:6      | 6131 ||| INVOKING Spit Poison.
  6135 | D:6      | 6135 ||| INVOKING Spit Poison.
  6252 | D:6      | 6252 ||| INVOKING Spit Poison.
  6258 | D:6      | 6258 ||| INVOKING Spit Poison.
  6261 | D:6      | 6261 ||| INVOKING Spit Poison.
  6265 | D:6      | 6265 ||| INVOKING Spit Poison.
  6270 | D:6      | 6270 ||| INVOKING Spit Poison.
  6366 | D:6      | 6366 ||| INVOKING Spit Poison.
  6370 | D:6      | 6370 ||| INVOKING Spit Poison.
  6391 | D:6      | Found Bewninn's Lightly-Used Armoury.
  6399 | D:6      | 6399 ||| BUYING -2 longbow (1 gold).
  6399 | D:6      | Bought a -2 longbow for 1 gold piece
  6399 | D:6      | 6399 ||| UPGRADING to -2 longbow.
  6400 | D:6      | 6400 ||| DROPPING +0 orcbow.
  6700 | D:6      | 6700 ||| DROPPING ring of willpower.
  6701 | D:6      | 6701 ||| DRINKING 3 blue potions.
  6769 | D:7      | Noticed Maggie
  6770 | D:7      | 6770 ||| INVOKING Spit Poison.
  6774 | D:7      | 6774 ||| INVOKING Spit Poison.
  6776 | D:7      | Killed Maggie
  6777 | D:7      | Reached skill level 10 in Ranged Weapons
  6815 | D:7      | 6815 ||| INVOKING Spit Poison.
  6818 | D:7      | 6818 ||| INVOKING Spit Poison.
  6825 | D:7      | 6825 ||| INVOKING Spit Poison.
  6880 | D:7      | 6880 ||| READING scroll of brand weapon.
  6880 | D:7      | 6880 ||| BRANDING -2 longbow.
  6901 | D:7      | 6901 ||| INVOKING Spit Poison.
  7073 | D:7      | Noticed a two-headed ogre
  7075 | D:7      | 7075 ||| INVOKING Spit Poison.
  7080 | D:7      | 7080 ||| INVOKING Spit Poison.
  7081 | D:7      | Killed a two-headed ogre
  7171 | D:7      | 7171 ||| INVOKING Spit Poison.
  7174 | D:7      | Reached XP level 10. HP: 96/96 MP: 10/10
  7327 | D:7      | 7327 ||| INVOKING Spit Poison.
  7343 | D:7      | 7343 ||| Stepping ~*~*~tactically~*~*~ (outnumbered).
  7344 | D:7      | 7344 ||| INVOKING Spit Poison.
  7603 | D:7      | 7603 ||| INVOKING Spit Poison.
  7606 | D:7      | 7606 ||| INVOKING Spit Poison.
  7639 | D:7      | 7639 ||| INVOKING Spit Poison.
  7676 | D:7      | 7676 ||| UPGRADING to +0 steam dragon scales.
  7686 | D:7      | 7686 ||| DROPPING +0 leather armour.
  7687 | D:7      | 7687 ||| DROPPING amulet of magic regeneration.
  7688 | D:7      | 7688 ||| DROPPING +6 ring of strength.
  7689 | D:7      | 7689 ||| READING scroll labelled ESHOXZAUCH.
  7690 | D:7      | 7690 ||| READING 4 scrolls of identify.
  7690 | D:7      | 7690 ||| IDENTIFYING fizzy grey potion
  7896 | D:8      | Found an ancient bone altar of Kikubaaqudgha.
  7940 | D:8      | Found Weproug's Magic Scroll Shoppe.
  7948 | D:8      | 7948 ||| BUYING scroll of enchant armour (97 gold).
  7948 | D:8      | Bought a scroll of enchant armour for 97 gold pieces
  7948 | D:8      | 7948 ||| BUYING scroll of teleportation (39 gold).
  7948 | D:8      | Bought a scroll of teleportation for 39 gold pieces
  7948 | D:8      | 7948 ||| BUYING scroll of teleportation (39 gold).
  7948 | D:8      | Bought a scroll of teleportation for 39 gold pieces
  7948 | D:8      | 7948 ||| READING scroll of enchant armour.
  7948 | D:8      | 7948 ||| ENCHANTING +0 steam dragon scales.
  7964 | D:8      | 7964 ||| INVOKING Spit Poison.
  7970 | D:8      | 7970 ||| INVOKING Spit Poison.
  7974 | D:8      | Found a staircase to the Lair.
  7978 | D:8      | 7978 ||| INVOKING Spit Poison.
  8095 | D:8      | Noticed a centaur warrior
  8102 | D:8      | 8102 ||| INVOKING Spit Poison.
  8105 | D:8      | Reached skill level 11 in Ranged Weapons
  8118 | D:8      | Found a transporter.
  8125 | D:8      | 8125 ||| INVOKING Spit Poison.
  8127 | D:8      | 8127 ||| Stepping ~*~*~tactically~*~*~ (outnumbered).
  8131 | D:8      | 8131 ||| INVOKING Spit Poison.
  8136 | D:8      | 8136 ||| INVOKING Spit Poison.
  8142 | D:8      | 8142 ||| INVOKING Spit Poison.
  8145 | D:8      | 8145 ||| INVOKING Spit Poison.
  8152 | D:8      | 8152 ||| INVOKING Spit Poison.
  8450 | D:8      | 8450 ||| INVOKING Spit Poison.
  8454 | D:8      | 8454 ||| INVOKING Spit Poison.
  8461 | D:8      | 8461 ||| INVOKING Spit Poison.
  8465 | D:8      | 8465 ||| INVOKING Spit Poison.
  8469 | D:8      | 8469 ||| INVOKING Spit Poison.
  8556 | D:8      | 8556 ||| INVOKING Spit Poison.
  8560 | D:8      | 8560 ||| INVOKING Spit Poison.
  8596 | D:8      | Noticed a centaur warrior
  8597 | D:8      | Found a transporter.
  8617 | D:8      | Noticed a cyclops
  8618 | D:8      | 8618 ||| INVOKING Spit Poison.
  8624 | D:8      | 8624 ||| INVOKING Spit Poison.
  8624 | D:8      | Killed a cyclops
  8628 | D:8      | 8628 ||| INVOKING Spit Poison.
  8772 | D:8      | Noticed a deep elf pyromancer
  8989 | D:8      | 8989 ||| READING scroll labelled YSKURCH JETHY.
  9000 | D:9      | Found a hide-covered altar of Uskayaw.
  9006 | D:9      | 9006 ||| READING scroll of enchant armour.
  9006 | D:9      | 9006 ||| ENCHANTING +1 steam dragon scales.
  9010 | D:9      | 9010 ||| INVOKING Spit Poison.
  9014 | D:9      | 9014 ||| INVOKING Spit Poison.
  9039 | D:9      | 9039 ||| INVOKING Spit Poison.
  9042 | D:9      | 9042 ||| INVOKING Spit Poison.
  9072 | D:9      | 9072 ||| INVOKING Spit Poison.
  9078 | D:9      | 9078 ||| INVOKING Spit Poison.
  9085 | D:9      | 9085 ||| INVOKING Spit Poison.
  9089 | D:9      | 9089 ||| INVOKING Spit Poison.
  9092 | D:9      | 9092 ||| INVOKING Spit Poison.
  9095 | D:9      | 9095 ||| INVOKING Spit Poison.
  9099 | D:9      | 9099 ||| INVOKING Spit Poison.
  9100 | D:9      | Reached skill level 12 in Ranged Weapons
  9237 | D:9      | 9237 ||| INVOKING Spit Poison.
  9259 | D:9      | Noticed a two-headed ogre
  9261 | D:9      | 9261 ||| INVOKING Spit Poison.
  9264 | D:9      | Killed a two-headed ogre
  9265 | D:9      | Reached XP level 11. HP: 103/103 MP: 11/11
  9265 | D:9      | 9265 ||| INVOKING Spit Poison.
  9269 | D:9      | 9269 ||| INVOKING Spit Poison.
  9275 | D:9      | 9275 ||| INVOKING Spit Poison.
  9280 | D:9      | 9280 ||| INVOKING Spit Poison.
  9287 | D:9      | 9287 ||| INVOKING Spit Poison.
  9455 | D:9      | Found a runed translucent door.
  9456 | D:9      | Found a burning altar of Makhleb.
  9456 | D:9      | Noticed a sixfirhy
  9551 | D:9      | Found a flagged portal.
  9552 | D:9      | 9552 ||| INVOKING Spit Poison.
  9557 | D:9      | 9557 ||| INVOKING Spit Poison.
  9703 | D:10     | Entered Level 10 of the Dungeon
  9717 | D:10     | Identified the ring of Poopasas {rC+ Str+3 Int+4 Stlth+}
  9810 | D:10     | 9810 ||| INVOKING Spit Poison.
  9853 | D:10     | Reached skill level 13 in Ranged Weapons
 10184 | D:10     | 10184 ||| READING scroll of enchant armour.
 10184 | D:10     | 10184 ||| ENCHANTING +2 steam dragon scales.
 10340 | D:10     | 10340 ||| INVOKING Spit Poison.
 10345 | D:10     | 10345 ||| INVOKING Spit Poison.
 10353 | D:10     | 10353 ||| INVOKING Spit Poison.
 10480 | D:10     | Found a white marble altar of Elyvilon.
 10480 | D:10     | Found an iron altar of Okawaru.
 10481 | D:10     | 10481 ||| PLANNING OKAWARU WORSHIP
 10481 | D:10     | 10481 ||| DROPPING ring of Poopasas {rC+ Str+3 Int+4
                  | Stlth+}.
 10482 | D:10     | 10482 ||| READING 8 scrolls of identify.
 10482 | D:10     | 10482 ||| IDENTIFYING metallic pink potion
 10483 | D:10     | 10483 ||| READING 7 scrolls of identify.
 10483 | D:10     | 10483 ||| IDENTIFYING ruby potion
 10484 | D:10     | 10484 ||| DROPPING potion of brilliance.
 10488 | D:10     | Became a worshipper of Warmaster Okawaru
 10489 | D:10     | 10489 ||| PLANNING D:1-11
 10490 | D:10     | 10490 ||| PLANNING LAIR
 10580 | Lair:1   | Entered Level 1 of the Lair of Beasts
 10636 | Lair:1   | 10636 ||| INVOKING Spit Poison.
 10641 | Lair:1   | 10641 ||| INVOKING Spit Poison.
 10644 | Lair:1   | 10644 ||| INVOKING Spit Poison.
 10645 | Lair:1   | Reached skill level 9 in Fighting
 10648 | Lair:1   | 10648 ||| INVOKING Spit Poison.
 10654 | Lair:1   | 10654 ||| INVOKING Spit Poison.
 10894 | Lair:1   | 10894 ||| INVOKING Spit Poison.
 10912 | Lair:1   | 10912 ||| INVOKING Spit Poison.
 10922 | Lair:1   | 10922 ||| INVOKING Spit Poison.
 10924 | Lair:1   | Reached * piety under Okawaru
 10925 | Lair:1   | 10925 ||| INVOKING Heroism.
 10928 | Lair:1   | 10928 ||| INVOKING Spit Poison.
 10936 | Lair:1   | Reached skill level 1 in Invocations
 10936 | Lair:1   | 10936 ||| INVOKING Spit Poison.
 10937 | Lair:1   | 10937 ||| INVOKING Heroism.
 10942 | Lair:1   | 10942 ||| INVOKING Spit Poison.
 10946 | Lair:1   | 10946 ||| INVOKING Spit Poison.
 10953 | Lair:1   | 10953 ||| INVOKING Heroism.
 10955 | Lair:1   | 10955 ||| INVOKING Spit Poison.
 10958 | Lair:1   | Reached skill level 3 in Invocations
 10981 | Lair:1   | 10981 ||| INVOKING Heroism.
 11091 | Lair:1   | 11091 ||| INVOKING Heroism.
 11094 | Lair:1   | 11094 ||| INVOKING Spit Poison.
 11102 | Lair:1   | 11102 ||| INVOKING Spit Poison.
 11104 | Lair:1   | Reached ** piety under Okawaru
 11546 | Lair:1   | 11546 ||| INVOKING Heroism.
 11573 | Lair:1   | Reached skill level 14 in Ranged Weapons
 11573 | Lair:1   | Reached XP level 12. HP: 114/114 MP: 15/15
 11696 | Lair:1   | 11696 ||| READING 8 scrolls of identify.
 11696 | Lair:1   | 11696 ||| IDENTIFYING white potion
 11697 | Lair:1   | 11697 ||| READING 7 scrolls of identify.
 11697 | Lair:1   | 11697 ||| IDENTIFYING cyan potion
 11752 | Lair:2   | Noticed Gastronok
 11753 | Lair:2   | 11753 ||| INVOKING Heroism.
 11771 | Lair:2   | Killed Gastronok
 11973 | Lair:2   | Found a staircase to the Snake Pit.
 11986 | Lair:2   | Reached *** piety under Okawaru
 12061 | Lair:2   | Reached skill level 6 in Dodging
 12092 | Lair:2   | Received a gift from Okawaru
 12220 | Lair:2   | 12220 ||| INVOKING Heroism.
 12284 | Lair:2   | You fall into a shaft and drop 2 floors!
 12309 | Lair:4   | 12309 ||| INVOKING Heroism.
 12368 | Lair:4   | Reached **** piety under Okawaru
 12531 | Lair:4   | 12531 ||| INVOKING Heroism.
 12572 | Lair:4   | 12572 ||| INVOKING Heroism.
 12716 | Lair:4   | Noticed a four-headed hydra
 12717 | Lair:4   | 12717 ||| INVOKING Heroism.
 12726 | Lair:4   | Killed a four-headed hydra
 12752 | Lair:4   | Found a staircase to the Slime Pits.
 12755 | Lair:4   | 12755 ||| READING scroll labelled BYIGGUO KOPPO.
 12824 | Lair:3   | Found a staircase to the Shoals.
 12825 | Lair:3   | 12825 ||| INVOKING Heroism.
 12905 | Lair:2   | Found an ornate altar of the Wu Jian Council.
 13003 | Lair:2   | Reached skill level 15 in Ranged Weapons
 13119 | Lair:2   | Noticed Fannar
 13136 | Lair:2   | Killed Fannar
 13344 | Lair:2   | Gained mutation: You can use your snake-like lower body to
                  | constrict enemies. [Naga growth]
 13344 | Lair:2   | Reached XP level 13. HP: 85/123 MP: 17/17
 13629 | Lair:2   | 13629 ||| UPGRADING to amulet of faith.
 13675 | Lair:3   | Reached skill level 6 in Invocations
 13903 | Lair:3   | 13903 ||| INVOKING Heroism.
 13977 | Lair:3   | 13977 ||| INVOKING Heroism.
 14369 | Lair:3   | 14369 ||| DROPPING +1 hat.
 14455 | Lair:4   | Found a viscous altar of Jiyva.
 14845 | Lair:4   | 14845 ||| INVOKING Heroism.
 14920 | Lair:4   | 14920 ||| INVOKING Heroism.
 15326 | Lair:5   | Entered Level 5 of the Lair of Beasts
 15330 | Lair:5   | Noticed Sonja
 15335 | Lair:5   | 15335 ||| INVOKING Heroism.
 15344 | Lair:5   | HP: 21/123 [skyshark (18)]
 15345 | Lair:5   | 15345 ||| READING 7 scrolls of teleportation.
 15345 | Lair:5   | HP: 7/123 [rime drake/icy flash freeze (11)]
 15346 | Lair:5   | 15346 ||| DRINKING 2 potions of heal wounds.
 15347 | Lair:5   | 15347 ||| DRINKING potion of heal wounds.
 15359 | Lair:5   | HP: 14/123 [komodo dragon (23)]
 15360 | Lair:5   | 15360 ||| READING 6 scrolls of teleportation.
 15361 | Lair:5   | HP: 3/123 [elephant (12)]
 15361 | Lair:5   | Slain by an elephant

Levels and vault maps discovered:
D:1:      minmay_arrival_solitary_statue, layout_basic, minmay_domino_2
D:2:      layout_basic, basic_altar, chequers_serial_rivers_micro_a,
          nicolae_elevator_lobby_asterisk, uniq_natasha
D:3:      layout_rooms, nicolae_overflow_ecumenical_swirl
D:4:      layout_cave_pods, nicolae_dithmenos_the_darkroom,
          minmay_temple_entry_enclosed_plants
D:5:      layout_cave_pools, tgw_fedhas, nicolae_wu_jian_immortal_techniques,
          ebering_ghost_inner_flame, kennysheep_donut
D:6:      minmay_chambers_of_threes, layout_loops_corners, tso_oasis_becter,
          nicolae_water_bricks, minmay_shop_damaged, chequers_avenue
D:7:      layout_cave_pods, minmay_stone_trees_medium, st_stairs_12, uniq_maggie
D:8:      gammafunk_the_bubble [the_bubble_gammafunk_grid], layout_layer_cave,
          kiku_gazebo_garden_becter, david_lair_shrubbed, serial_shops, shop,
          eino_jars
D:9:      layout_big_octagon, mainiacjoe_overflow_brackets,
          nzn_makhleb_speed_demon, enter_bailey_4, corner_web_ring
D:10:     layout_basic, gammafunk_temple_overflow_wave,
          nicolae_concentric_dashed_squares_mild, evilmike_minifort
Temple:   ebering_untended_altars
Lair:1:   layout_hall_layers, grunt_megastairs_4
Lair:2:   statuecave_lemuel, layout_hall_layers,
          minmay_snake_entry_six_corridors, basic_altar, lemuel_fruit_fields,
          uniq_gastronok, uniq_fannar
Lair:3:   layout_roguey, minmay_shoals_entry_hut
Lair:4:   layout_layer_cave, slime_entry_1
Lair:5:   hellmonk_lair_end_abyssal_woods, layout_gridlike,
          infiniplex_staircase_pool_2, uniq_urug, uniq_kirke, uniq_snorg,
          uniq_sonja

Skill      XL: |  1  2  3  4  5  6  7  8  9 10 11 12 13 |
---------------+----------------------------------------+-----
Ranged Weapons | 4 5 6 8 9 10 12 14 15 | 15.7
Fighting       | 3 4 6 8 9 10 | 10.0
Dodging        | 2 3 4 5 6 |  6.0
Armour         | 1 2 4 |  4.1
Invocations    | 4 5 7 |  7.6
Stealth        | |  1.5

Action                     |  1- 3 |  4- 6 |  7- 9 | 10-12 | 13-15 || total
---------------------------+-------+-------+-------+-------+-------++-------
   Fire: Shortbow          |    58 |    80 |   140 |       |       ||   278
         Orcbow            |       |       |    35 |       |       ||    35
         Longbow           |       |       |    30 |   592 |   139 ||   761
 Invoke: Heroism           |       |       |       |    13 |     5 ||    18
Ability: Spit Poison       |    27 |    31 |    48 |    64 |       ||   170
    Use: Scroll            |     2 |     7 |     8 |    11 |     2 ||    30
         Potion            |       |       |     1 |       |     2 ||     3
 Armour: Leather armour    |     3 |    10 |    33 |     1 |       ||    47
         Steam dragon scal |       |       |       |   144 |    36 ||   180
  Dodge: Dodged            |    13 |     8 |    71 |   404 |   129 ||   625
  Block: Other             |       |     3 |    19 |   124 |     1 ||   147
         Reflection        |       |     1 |       |     3 |       ||     4

Table legend:
 A = Non-vault XP
 B = Vault XP
 C = Vault XP percentage of total XP
 D = Non-vault monster count
 E = Vault monster count
 F = Vault count percentage of total count
                 A         B        C        D         E       F
            +---------+---------+-------+---------+---------+-------
      Total |   32506 |    7382 |  18.5 |     269 |      45 |  14.3
            +---------+---------+-------+---------+---------+-------
        D:1 |      71 |       3 |   4.1 |      32 |       2 |   5.9
        D:2 |      24 |      35 |  59.3 |      10 |       1 |   9.1
        D:3 |       6 |       0 |   0.0 |       4 |       0 |   0.0
        D:4 |     375 |       0 |   0.0 |      20 |       0 |   0.0
        D:5 |     548 |     512 |  48.3 |      23 |       1 |   4.2
        D:6 |     663 |     764 |  53.5 |      18 |      12 |  40.0
        D:7 |    1536 |     616 |  28.6 |      12 |       3 |  20.0
        D:8 |    1074 |     755 |  41.3 |      16 |       7 |  30.4
        D:9 |    3171 |      12 |   0.4 |      21 |       5 |  19.2
       D:10 |    1528 |       0 |   0.0 |      17 |       0 |   0.0
     Lair:1 |    6337 |     468 |   6.9 |      27 |       2 |   6.9
     Lair:2 |    4784 |    3982 |  45.4 |      27 |      11 |  28.9
     Lair:3 |    2805 |     235 |   7.7 |      13 |       1 |   7.1
     Lair:4 |    7537 |       0 |   0.0 |      23 |       0 |   0.0
     Lair:5 |    2047 |       0 |   0.0 |       6 |       0 |   0.0
            +---------+---------+-------+---------+---------+-------
